 Dungeon Crawl Stone Soup version 0.26-a0-639-g72c4674329 (webtiles) character file.

Game seed: 13535274837817574204

135 Flugslaktarn the Skirmisher (level 4, 0/42 HPs)
             Began as a Minotaur Fighter on Sept 23, 2020.
             Slain by an iguana (10 damage)
             ... on level 4 of the Dungeon.
             The game lasted 00:00:33 (839 turns).

Flugslaktarn the Skirmisher (Minotaur Fighter)       Turns: 839, Time: 00:00:33

Health: 0/42       AC:  7    Str: 21    XL:     4   Next: 96%
Magic:  3/3        EV:  7    Int:  5    God:
Gold:   37         SH:  9    Dex:  6    Spells: 3/3 levels left

rFire    . . .     SeeInvis .   a - +0 war axe
rCold    . . .     Faith    .   c - +0 kite shield
rNeg     . . .     Spirit   .   b - +0 scale mail
rPois    .         Reflect  .   (helmet restricted)
rElec    .         Harm     .   (no cloak)
rCorr    .         Rampage  .   (no gloves)
MR       .....                  (no boots)
Stlth    ..........             (no amulet)
HPRegen  0.14/turn              h - -4 ring of dexterity (curse)
MPRegen  0.08/turn              (no ring)

@: no status effects
A: retaliatory headbutt, horns 2
a: no special abilities


You were on level 4 of the Dungeon.
You visited 1 branch of the dungeon, and saw 4 of its levels.

You collected 37 gold pieces.

Inventory:

Hand Weapons
 a - a +0 war axe (weapon)
Armour
 b - a +0 scale mail (worn)
 c - a +0 kite shield (worn)
Jewellery
 h - a cursed -4 ring of dexterity (left hand)
   (You found it on level 2 of the Dungeon)
Scrolls
 e - a scroll of enchant weapon {unknown}
 f - a scroll of remove curse {unknown}
 j - a scroll of magic mapping {unknown}
 k - a scroll of noise {unknown}
Potions
 d - a potion of might
 i - a potion of berserk rage {unknown}


   Skills:
 * Level 5.0 Fighting
 * Level 4.1 Axes
 + Level 4.2 Armour
 + Level 4.3 Shields


You had 3 spell levels left.
You didn't know any spells.
Your spell library was empty.

Dungeon Overview and Level Annotations

Branches:
Dungeon (4/15)
 Temple: D:4-7

Altars:
Xom

Annotations:
D:4 Robin


Innate Abilities, Weirdness & Mutations

You reflexively headbutt those who attack you in melee.
You have a pair of horns on your head.


Message History

You are too injured to fight recklessly!
You are too injured to fight recklessly!
You are too injured to fight recklessly!
You are too injured to fight recklessly!
You are too injured to fight recklessly!
You are too injured to fight recklessly!
You are too injured to fight recklessly!
You are too injured to fight recklessly!
You are too injured to fight recklessly!
You are too injured to fight recklessly!
Unknown command.
You hit the goblin but do no damage. You barely miss the iguana.
You closely miss the hound. You closely miss the hobgoblin.
Robin says, "Bow before me, strongest of all the hobgoblins!"
The hound bites you but does no damage. The goblin hits you but does no damage.
The iguana barely misses you. The hound bites you but does no damage.
Unknown command.
It was a potion of curing.
You feel better. You block the goblin's attack. The iguana bites you!
You die...

h#h#.#. ..#
.......#####.#
h..#.#.......#
......#####<# ###
#..#..#.##.##....
......g..........#
.#.#.#.ghlg.........
......hgghll...../.#
.#.#.#.##@##.####..#


#lh #g##.# .# #.#. #.##.# # ..... #.##.# #.# #. ... .. #. .. ### # #. You could
see a howler monkey, an iguana, a hound, Robin (fast), a leopard gecko, a
jackal, 2 hobgoblins, 3 goblins and a frilled lizard.

Vanquished Creatures
  A howler monkey (D:2)
  3 adders (D:2)
  An ooze (D:2)
  A worm (D:3)
  A dart slug (D:4)
  2 leopard geckos
  6 orcs (D:3)
  2 giant cockroaches
  6 goblins
  7 hobgoblins
  6 jackals (D:4)
  A quokka (D:2)
  A bat (D:3)
  3 frilled lizards (D:1)
  3 kobolds
  6 rats
50 creatures vanquished.

Notes
Turn   | Place    | Note
-------+----------+-------------------------------------------
     0 | D:1      | Flugslaktarn the Minotaur Fighter began the quest for the
                  | Orb.
     0 | D:1      | Reached XP level 1. HP: 19/19 MP: 0/0
   177 | D:2      | Found a shimmering altar of Xom.
   177 | D:2      | Noticed a howler monkey
   182 | D:2      | Reached XP level 2. HP: 18/27 MP: 1/1
   190 | D:1      | Reached skill level 4 in Fighting
   388 | D:2      | Killed a howler monkey
   388 | D:2      | Reached XP level 3. HP: 26/34 MP: 2/2
   401 | D:2      | Reached XP level 4. HP: 32/41 MP: 3/3
   828 | D:4      | Noticed Robin
   833 | D:4      | Reached skill level 5 in Fighting
   839 | D:4      | Slain by an iguana

Illustrated notes

Levels and vault maps discovered:
D:1:      moated_graveyard_arrival, layout_basic
D:2:      layout_loops_ring, vehumet_crystals, overflow_temple_1_default,
          nicolae_overflow_hidden_temple
D:3:      layout_basic, uniq_natasha
D:4:      layout_loops_ring, nicolae_ossuary_entry_plus,
          hangedman_decor_riveting, chequers_serial_rivers_micro_d, uniq_robin

Skill      XL: |  1  2  3  4 |
---------------+-------------+-----
Fighting       | 4 5 |  5.0
Axes           | 3 4 |  4.1
Armour         | 4 |  4.2
Shields        | 4 |  4.3

Action                   |  1- 3 |  4- 6 || total
-------------------------+-------+-------++-------
Melee: War axe           |    36 |    60 ||    96
       Headbutt          |     3 |     6 ||     9
  Use: Potion            |       |     1 ||     1
Armor: Scale mail        |    20 |    41 ||    61
Dodge: Dodged            |    22 |    32 ||    54
Block: Kite shield       |    23 |    50 ||    73

Table legend: (Time is in decaauts)
 A = Elapsed time spent in this place.
 B = Non-inter-level travel time spent in this place.
 C = Inter-level travel time spent in this place.
 D = Time resting spent in this place.
 E = Time spent auto-exploring this place.
 F = Levels seen in this place.
 G = Mean time per level.
                   A        B        C        D        E       F      G
               +--------+--------+--------+--------+--------+-----+--------+
         Total |    876 |    851 |     25 |    188 |    441 |   4 |  219.0 |
       Dungeon |    876 |    851 |     25 |    188 |    441 |   4 |  219.0 |
               +--------+--------+--------+--------+--------+-----+--------+

Top non-repeatable levels by time:
     D:1: 375 daAuts
     D:3: 269 daAuts
     D:2: 188 daAuts
     D:4: 43 daAuts
